 Dungeon Crawl Stone Soup version 0.27.1-16-g815e20cd7a (webtiles) character file.

Game seed: 8198542188240812048

46 zeram the Shield-Bearer (level 3, -7/29 HPs)
             Began as a Demonspawn Fighter on Nov 22, 2021.
             Killed by nerve-wracking pain
             ... invoked by an orc priest
              (12 damage)
             ... on level 2 of the Dungeon.
             The game lasted 00:02:00 (1367 turns).

zeram the Shield-Bearer (Demonspawn Fighter)        Turns: 1367, Time: 00:02:00

Health: -7/29      AC:  6    Str: 16    XL:     3   Next: 46%
Magic:  3/3        EV:  7    Int: 10    God:
Gold:   19         SH:  9    Dex: 12    Spells: 2/2 levels left

rFire    . . .     SeeInvis .   a - +0 war axe (venom)
rCold    . . .     Faith    .   c - +0 kite shield
rNeg     . . .     Spirit   .   b - +0 scale mail
rPois    .         Reflect  .   (helmet restricted)
rElec    .         Harm     .   (no cloak)
rCorr    .         Rampage  .   (no gloves)
Will     .....                  (no boots)
Stlth    ..........             (no amulet)
HPRegen  0.09/turn              (no ring)
MPRegen  0.08/turn              (no ring)

@: no status effects
A: antennae 2
a: no special abilities


You were on level 2 of the Dungeon.
You visited 1 branch of the dungeon, and saw 2 of its levels.

You collected 19 gold pieces.

Inventory:

Hand Weapons
 a - a +0 war axe of venom (weapon)
Armour
 b - a +0 scale mail (worn)
 c - a +0 kite shield (worn)
Scrolls
 e - a scroll of magic mapping {unknown}
Potions
 d - a potion of might
 i - 2 potions of heal wounds
 j - a potion of haste


   Skills:
 - Level 3.0 Fighting
 - Level 1.7 Axes
 + Level 3.4 Armour
 + Level 3.5 Shields


You had 2 spell levels left.
You didn't know any spells.
Your spell library was empty.

Dungeon Overview and Level Annotations

Branches:
Dungeon (2/15)

Altars:


Innate Abilities, Weirdness & Mutations

You have a pair of antennae on your head.


Message History

An orc wizard comes into view. It is wielding a +0 dagger.
The orc moves out of view.
There are monsters nearby!
There are monsters nearby!
There are monsters nearby!
An orc priest comes into view. It is wielding a +0 war axe.
The orc priest shouts!
You hear a shout!
The orc priest invokes the aid of Beogh against you.
Beogh smites you!
An endoplasm comes into view.
You closely miss the orc wizard.
The orc wizard hits you with a +0 dagger.
You hit the orc.
The orc is poisoned.
The orc is heavily wounded.
The orc wizard mumbles some strange words.
The orc wizard flickers and vanishes!
Deactivating autopickup; reactivate with Ctrl-A.
The orc hits you with a +0 dagger.
You closely miss the orc.
The orc is severely wounded.
You block the orc's attack. The orc hits you with a +0 dagger.
You are too injured to fight recklessly!
Unknown command.
You are too injured to fight recklessly!
You are too injured to fight recklessly!
Unknown command.
You are too injured to fight recklessly!
You are too injured to fight recklessly!
Unknown command.
You are too injured to fight recklessly!
You slash the orc!
You kill the orc!
The orc priest hits you with a +0 war axe!
* * * LOW HITPOINT WARNING * * *
You hit the orc priest but do no damage.
The orc priest looks satisfied for a moment.
You closely miss the orc priest.
The orc priest calls down the wrath of Beogh upon you.
Pain shoots through your body!
You die...

#...............
####.#############.
..#.# #. .. #.#.#
## ....###.#.# ####
#.......# #...
#.###.#.# #...
#.### #... { #@#
#... {#o# #... .o#
{ #### #oJ# #...
#.## #. ##


You could see an orc priest, 2 orcs and an endoplasm.

Vanquished Creatures
  A gnoll (D:1)
  A worm (D:2)
  A dart slug (D:1)
  An orc (D:2)
  4 endoplasms (D:1)
  2 giant cockroaches (D:1)
  A goblin (D:1)
  5 hobgoblins
  A quokka (D:1)
  3 ball pythons (D:1)
  A bat (D:1)
  2 frilled lizards
  2 kobolds (D:1)
  6 rats
31 creatures vanquished.

Notes
Turn   | Place    | Note
-------+----------+-------------------------------------------
     0 | D:1      | zeram the Demonspawn Fighter began the quest for the Orb.
     0 | D:1      | Reached XP level 1. HP: 18/18 MP: 1/1
   208 | D:1      | Gained mutation: You have a pair of small antennae on your
                  | head. [demonic ancestry]
   208 | D:1      | Reached XP level 2. HP: 20/24 MP: 2/2
   715 | D:1      | Gained mutation: You have a pair of antennae on your head.
                  | [demonic ancestry]
   715 | D:1      | Reached XP level 3. HP: 3/29 MP: 3/3
  1244 | D:2      | Found a faded altar of an unknown god.
  1367 | D:2      | Killed from afar by an orc priest

Illustrated notes

Levels and vault maps discovered:
D:1:      roderic_dead_forest, layout_rooms, minmay_bisected
D:2:      layout_basic, basic_ecumenical_altar, chequers_garden,
          minmay_misc_feat_doors, minivault_11

Skill      XL: |  1 |
---------------+----+-----
Armour         | 3 |  3.4
Shields        | 3 |  3.5
Fighting       | |  3.0
Axes           | |  1.7

Action                   || total
-------------------------++-------
Melee: War axe           ||    73
  Use: Scroll            ||     6
Armor: Scale mail        ||    30
Dodge: Dodged            ||    27
Block: Kite shield       ||    32
